 Dungeon Crawl Stone Soup version 0.28-a0-1159-g27aa881441 (webtiles) character file.

Game seed: 17024944964363848172

19106 Ijustatesigmund the Cleaver (level 12, -4/113 HPs)
             Began as a Hill Orc Fighter on Dec 15, 2021.
             Slain by a tengu warrior (9 damage)
             ... led by a tengu conjurer
             ... on level 12 of the Dungeon.
             The game lasted 00:20:33 (14401 turns).

Ijustatesigmund the Cleaver (Hill Orc Fighter)     Turns: 14401, Time: 00:20:33

Health: -4/113     AC: 17    Str: 20    XL:     12   Next: 65%
Magic:  12/12      EV:  9    Int: 12    God:
Gold:   537        SH: 12    Dex: 10    Spells: 11/11 levels left

rFire   + + .      SeeInvis .   a - +7 war axe (flame)
rCold   . . .      Faith    .   c - +2 kite shield
rNeg    . . .      Spirit   .   b - +0 plate armour
rPois   +          Reflect  .   r - +0 helmet
rElec   .          Harm     .   (no cloak)
rCorr   .          Rampage  .   (no gloves)
Will    .....                   q - +1 pair of boots
Stlth   ..........              E - amulet of regeneration
HPRegen 1.08/turn               l - ring of poison resistance
MPRegen 0.13/turn               o - +4 ring of evasion

@: mighty
A: fire resistance 2
a: no special abilities


You were on level 12 of the Dungeon.
You visited 2 branches of the dungeon, and saw 14 of its levels.
You also visited: Sewer.

You collected 768 gold pieces.
You spent 231 gold pieces at shops.

Inventory:

Hand Weapons
 a - a +7 war axe of flaming (weapon)
 A - the +7 hand crossbow "Plog" {venom, rN+ Int+7}
   (You found it on level 5 of the Dungeon)

   Any ammunition fired from it poisons the flesh of those it strikes.
   Int:       It affects your intelligence (+7).
   rN:        It protects you from negative energy.
 F - a +0 war axe of venom
Missiles
 B - 32 bolts
Armour
 b - a +0 plate armour (worn)
 c - a +2 kite shield (worn)
 q - a +1 pair of boots (worn)
 r - a +0 helmet (worn)
Jewellery
 g - a +6 ring of dexterity
 l - a ring of poison resistance (left hand)
 o - a +4 ring of evasion (right hand)
 t - a ring of see invisible
 y - a ring of positive energy
 E - an amulet of regeneration (around neck)
 H - a ring of resist corrosion
 K - the ring "Kuighut" {rC++ Will+ rCorr}
   (You took it off a kobold on level 10 of the Dungeon)

   [ring of willpower]

   rC:        It greatly protects you from cold.
   rCorr:     It protects you from acid and corrosion.
   Will:      It increases your willpower.
 M - an amulet of reflection
Wands
 p - a wand of acid (4)
 u - a wand of flame (22)
 x - a wand of iceblast (12)
 J - a wand of polymorph (10)
 L - a wand of charming (7)
Scrolls
 f - 2 scrolls of teleportation
 v - 2 scrolls of fog
 C - 2 scrolls of immolation
 D - a scroll of summoning
 G - 6 scrolls of identify
 O - a scroll of enchant armour
 P - a scroll of magic mapping
 Q - a scroll of vulnerability {unknown}
Potions
 d - 2 potions of might
 e - 4 potions of flight
 h - 3 potions of lignification
 i - 6 potions of cancellation
 j - 4 potions of haste
 k - 2 potions of curing
 m - 4 potions of heal wounds
 n - 2 potions of magic
 s - 2 potions of invisibility
 w - 2 potions of attraction
 z - 3 potions of brilliance
 I - a potion of ambrosia
Miscellaneous
 N - a condenser vane


   Skills:
 + Level 12.9 Fighting
 + Level 14.9 Axes
 - Level 7.1 Crossbows
 + Level 8.8 Armour
 - Level 0.1 Dodging
 - Level 0.4 Stealth
 - Level 8.2 Shields
 + Level 4.7 Evocations


You had 11 spell levels left.
You didn't know any spells.
Your spell library contained the following spells:

 Spells                   Type           Power      Damage    Failure   Level
 Pain                     Necr           0%         1d4       100%        1
 Sandblast                Erth           0%         2d4       100%        1
 Summon Small Mammal      Summ           0%         N/A       100%        1
 Ensorcelled Hibernation  Hex/Ice        0%         N/A       100%        2
 Passwall                 Tmut/Erth      0%         N/A       100%        2
 Scorch                   Fire           0%         2d5       100%        2
 Call Canine Familiar     Summ           0%         N/A       100%        3
 Frozen Ramparts          Ice            0%         1d2       100%        3
 Stone Arrow              Conj/Erth      0%         3d7       100%        3
 Summon Guardian Golem    Hex/Summ       0%         N/A       100%        3
 Tukima's Dance           Hex            0%         N/A       100%        3
 Flame Wave               Conj/Fire      0%         2d4       100%        4
 Ice Form                 Ice/Tmut       0%         N/A       100%        4
 Summon Ice Beast         Ice/Summ       0%         N/A       100%        4
 Agony                    Necr           0%         N/A       100%        5
 Excruciating Wounds      Necr           0%         N/A       100%        5
 Fireball                 Conj/Fire      0%         3d3       100%        5
 Iskenderun's Battlesphe  Conj           0%         2d6       100%        5
 Summon Forest            Summ/Tloc      0%         N/A       100%        5
 Summon Mana Viper        Hex/Summ       0%         N/A       100%        5
 Conjure Ball Lightning   Conj/Air       0%         3x3d6     100%        6
 Summon Cactus Giant      Summ           0%         N/A       100%        6
 Orb of Destruction       Conj           0%         N/A       100%        7


Dungeon Overview and Level Annotations

Branches:
Dungeon (13/15)            Temple (1/1) D:4            Lair (0/6) D:9
    Orc (0/2) D:10          Sewer (visited)
 Vaults: D:13-14

Altars:
Ashenzari
Cheibriados
Dithmenos
Elyvilon
Fedhas
Gozag
Hepliaklqana
Kikubaaqudgha
Makhleb
Nemelex Xobeh
Okawaru
Qazlal
Ru
Sif Muna
Trog
Uskayaw
Vehumet
Wu Jian
Xom
Yredelemnul
Zin
The Shining One

Shops:
D:2 (   D:4 !   D:5 (   D:8 ?

Annotations:
D:12 exclusion: oklob sapling


Innate Abilities, Weirdness & Mutations

Your flesh is very heat resistant. (rF++)


Message History

* * * LOW HITPOINT WARNING * * *
You barely miss the tengu warrior.
The tengu warrior is almost dead.
The tengu warrior blocks your attack.
The tengu warrior is almost dead.
The tengu warrior hits you with a +0 broad axe.
* * * LOW HITPOINT WARNING * * *
You block the tengu warrior's attack.
The tengu warrior claws you but does no damage.
You hit the tengu warrior. You burn the tengu warrior.
The tengu warrior is almost dead.
The tengu warrior hits you but does no damage.
The tengu warrior pecks you but does no damage.
You block the tengu warrior's attack.
You miss the tengu warrior.
The tengu warrior is almost dead.
The tengu warrior hits you with a +0 broad axe!
* * * LOW HITPOINT WARNING * * *
The tengu warrior pecks you but does no damage.
You block the tengu warrior's attack.
You miss the tengu warrior.
The tengu warrior is almost dead.
The tengu warrior hits you with a +0 broad axe!
* * * LOW HITPOINT WARNING * * *
You block the tengu warrior's attack.
The tengu warrior claws you but does no damage.
Okay, then.
You feel much better. You block the tengu warrior's attack.
The tengu warrior pecks you but does no damage.
The tengu warrior claws you.
* * * LOW HITPOINT WARNING * * *
You feel very mighty all of a sudden.
The tengu warrior hits you with a +0 broad axe!!
* * * LOW HITPOINT WARNING * * *
The tengu warrior pecks you but does no damage.
The tengu warrior barely misses you. The tengu warrior blocks your attack.
The tengu warrior is almost dead.
The tengu warrior hits you with a +0 broad axe!
You die...

............#
............#######
..................#
..................#
..................#
..................#
..................#
...............)Q[#
.###'#####......@.#
.#.......#......†.#
.#.......#........#
.#.......#........#
.##......#...######
..#.....##...#
..#.....#....####
..#.....#.......#
..#######.......#


You could see a tengu warrior.

Vanquished Creatures
  Rupert (D:12)
  A hydra (D:12)
  A centaur warrior (D:9)
  4 two-headed ogres
  Pikel (D:8)
  2 cyclopes
  An ugly thing (D:13)
  A manticore (D:12)
  A centaur zombie (D:11)
  Maurice (D:9)
  An unseen horror (D:12)
  A tengu conjurer (D:12)
  3 trolls
  Prince Ribbit (D:8)
  4 wyverns
  3 wraiths
  2 basilisks (D:9)
  A vampire (D:12)
  10 yaks
  3 steam dragons
  Grum (D:10)
  2 vampire mosquitoes (D:11)
  An acid dragon (D:12)
  6 water moccasins
  2 ice beasts
  A hornet zombie (D:7)
  7 orc warriors (D:10)
  3 sky beasts
  4 wolves (D:10)
  4 ogres
  10 centaurs
  A lemure (D:8)
  7 kobold brigands
  3 bullfrogs
  A wyvern zombie (D:6)
  3 gnoll sergeants
  4 scorpions
  5 howler monkeys
  9 wights
  5 jellies
  A gnoll shaman (D:6)
  4 hounds
  A centaur skeleton (D:4)
  5 orc priests
  A bullfrog skeleton (D:5)
  3 iguanas
  Natasha (thrice) (D:3)
  12 orc wizards
  A howler monkey zombie (D:6)
  13 gnolls
  10 river rats
  6 adders
  A shadow imp (D:6)
  3 white imps
  An ufetubus (D:4)
  2 adder skeletons (D:4)
  2 worms
  2 dart slugs (D:3)
  23 orcs
  13 endoplasms
  4 giant cockroaches
  7 goblins
  2 hobgoblins
  5 jackals
  6 quokkas
  18 ball pythons
  8 bats
  6 frilled lizards
  48 kobolds
  22 rats
355 creatures vanquished.

Vanquished Creatures (others)
  An orc (D:13)
  13 fungi
  24 plants
  6 toadstools (D:2)
44 creatures vanquished.

Grand Total: 399 creatures vanquished

Notes
Turn   | Place    | Note
-------+----------+-------------------------------------------
     0 | D:1      | Ijustatesigmund the Hill Orc Fighter began the quest for
                  | the Orb.
     0 | D:1      | Reached XP level 1. HP: 19/19 MP: 1/1
    52 | D:1      | Reached skill level 3 in Axes
   155 | D:1      | Reached XP level 2. HP: 27/27 MP: 2/2
   847 | D:1      | Reached XP level 3. HP: 34/34 MP: 3/3
  1158 | D:2      | Reached skill level 4 in Axes
  1308 | D:2      | Reached XP level 4. HP: 34/41 MP: 4/4
  1559 | D:2      | Reached skill level 5 in Axes
  1886 | D:2      | Found Karabb's Weapon Shoppe.
  1891 | D:2      | Found a glowing silver altar of Zin.
  1961 | D:2      | Reached XP level 5. HP: 32/47 MP: 5/5
  1970 | D:2      | Reached skill level 6 in Axes
  2654 | D:2      | Found a faded altar of an unknown god.
  2732 | D:3      | Noticed Natasha
  2746 | D:3      | Killed Natasha
  3000 | D:3      | Found a faded altar of an unknown god.
  3004 | D:3      | Found a stormy altar of Qazlal.
  3239 | D:3      | Found a broken altar of Ashenzari.
  3392 | D:3      | Noticed a kobold brigand
  3404 | D:3      | Killed a kobold brigand
  3405 | D:3      | Reached skill level 7 in Axes
  3405 | D:3      | Reached XP level 6. HP: 43/53 MP: 6/6
  3421 | D:3      | Noticed Natasha
  3431 | D:3      | Killed Natasha
  3436 | D:3      | Noticed Natasha
  3447 | D:3      | Killed Natasha
  3535 | D:3      | Found a hazy altar of Hepliaklqana.
  3832 | D:4      | Found a staircase to the Ecumenical Temple.
  3844 | D:4      | Reached skill level 5 in Fighting
  3848 | D:4      | Reached skill level 8 in Axes
  3880 | D:4      | Found Qoz Kauh's Distillery.
  3886 | D:4      | Bought a potion of heal wounds for 55 gold pieces
  3886 | D:4      | Bought a potion of heal wounds for 55 gold pieces
  3886 | D:4      | Bought a potion of heal wounds for 55 gold pieces
  3909 | D:4      | Found a snail-covered altar of Cheibriados.
  4166 | D:4      | Reached XP level 7. HP: 57/61 MP: 7/7
  4389 | D:4      | Found a glowing drain.
  4412 | Sewer    | Entered a sewer
  4995 | Sewer    | Gained mutation: Your flesh is heat resistant. (rF+)
                  | [potion of mutation]
  4995 | Sewer    | Gained mutation: Your flesh is very heat resistant. (rF++)
                  | [potion of mutation]
  5266 | D:4      | Reached skill level 9 in Axes
  5266 | D:4      | Reached skill level 5 in Armour
  5266 | D:4      | Reached XP level 8. HP: 70/71 MP: 8/8
  5490 | D:5      | Entered Level 5 of the Dungeon
  5532 | D:5      | Found Poymege's Antique Weapon Emporium.
  5617 | D:5      | Identified the +7 hand crossbow "Plog" {venom, rN+ Int+7}
  6018 | D:5      | Reached skill level 1 in Crossbows
  6472 | D:6      | Noticed a wraith
  6497 | D:6      | Killed a wraith
  7004 | D:6      | Reached skill level 10 in Axes
  7112 | D:6      | Reached XP level 9. HP: 72/80 MP: 9/9
  7859 | D:6      | Found a glowing silver altar of Zin.
  8237 | D:7      | Found a sacrificial altar of Ru.
  8613 | D:7      | Reached skill level 11 in Axes
  8957 | D:8      | Found Fomimafyz's Magic Scroll Shoppe.
  8962 | D:8      | Bought a scroll of identify for 22 gold pieces
  8962 | D:8      | Bought a scroll of identify for 22 gold pieces
  8962 | D:8      | Bought a scroll of identify for 22 gold pieces
  9211 | D:8      | Noticed Prince Ribbit
  9217 | D:8      | Killed Prince Ribbit
  9218 | D:8      | Reached skill level 5 in Shields
  9218 | D:8      | Reached XP level 10. HP: 91/91 MP: 10/10
  9439 | D:8      | Noticed Pikel
  9440 | D:8      | Found a bloodstained altar of Trog.
  9468 | D:8      | Killed Pikel
  9469 | D:8      | Reached skill level 5 in Crossbows
  9885 | D:9      | Found a white marble altar of Elyvilon.
  9893 | D:9      | Noticed a two-headed ogre
  9901 | D:9      | Killed a two-headed ogre
  9902 | D:9      | Reached skill level 10 in Fighting
  9902 | D:9      | Reached skill level 12 in Axes
 10193 | D:9      | Noticed Maurice
 10208 | D:9      | Killed Maurice
 10389 | D:9      | Reached XP level 11. HP: 89/101 MP: 11/11
 10413 | D:9      | Found a staircase to the Lair.
 10413 | D:9      | Noticed a two-headed ogre
 10430 | D:9      | Killed a two-headed ogre
 10537 | D:9      | Reached skill level 13 in Axes
 10617 | D:9      | Noticed a centaur warrior
 10630 | D:9      | Killed a centaur warrior
 10989 | Temple   | Entered the Ecumenical Temple
 11335 | D:10     | Entered Level 10 of the Dungeon
 11403 | D:10     | Found a glowing golden altar of the Shining One.
 11403 | D:10     | Found an iron altar of Okawaru.
 11419 | D:10     | Noticed Grum
 11428 | D:10     | Identified the ring "Kuighut" {rC++ Will+ rCorr}
 11434 | D:10     | Killed Grum
 11729 | D:10     | Noticed a two-headed ogre
 11731 | D:10     | Found a radiant altar of Vehumet.
 11738 | D:10     | Killed a two-headed ogre
 11758 | D:10     | Found a blossoming altar of Fedhas.
 11812 | D:10     | Found a staircase to the Orcish Mines.
 12199 | D:10     | Identified the +3 leather armour of Forking Paths {Rampage
                  | rElec rF- MP+9 Str+4}
 12339 | D:10     | Reached skill level 1 in Evocations
 12648 | D:11     | Noticed a two-headed ogre
 12652 | D:11     | Killed a two-headed ogre
 12692 | D:11     | Reached skill level 14 in Axes
 12692 | D:11     | Reached XP level 12. HP: 112/112 MP: 12/12
 12892 | D:11     | Identified the +9 quarterstaff of Plog {drain, rN+}
 13191 | D:12     | Noticed a five-headed hydra
 13200 | D:12     | Killed a one-headed hydra
 13638 | D:12     | Noticed Rupert
 13665 | D:12     | Killed Rupert
 14322 | D:13     | Noticed a tengu warrior
 14330 | D:13     | Noticed a centaur warrior
 14376 | D:13     | Noticed a two-headed ogre
 14392 | D:12     | HP: 3/113 [tengu warrior[a tengu conjurer] (5)]
 14398 | D:12     | HP: 5/113 [tengu warrior[a tengu conjurer] (9)]
 14401 | D:12     | Slain by a tengu warrior

Illustrated notes

Levels and vault maps discovered:
D:1:      psy_arrival_radial02, layout_loops_ring, dk_noncrumbling_4
D:2:      cheibrodos_fertilizer, layout_rooms, basic_altar,
          dreamdust_ecumenical_altar_hidden_monk_grotto, serial_shops, shop,
          minmay_misc_feat_enclosed, serial_park_tiny_pond
D:3:      layout_basic, nicolae_overflow_ecumenical_swirl,
          mainiacjoe_overflow_paths, lemuel_crystal_altar,
          kennysheep_cluttered_room, ebering_dispersal_statue_hall,
          serial_bayou_pond_d, uniq_natasha
D:4:      layout_gridville, chei_slow_surprise, minmay_temple_entry_large_hall,
          portal_sewer_entry_c, serial_shops, kennysheep_little_box
D:5:      layout_basic, serial_shops, nicolae_shop_trees
D:6:      layout_rooms, mainiacjoe_overflow_surrounded_room
D:7:      layout_loops_ring, nicolae_ru_great_annihilating_truth
D:8:      layout_loops_ring, mainiacjoe_overflow_small_starburst, serial_shops,
          nicolae_shop_hallway_plus, uniq_pikel, uniq_prince_ribbit1
D:9:      layout_roguey, nicolae_elyvilon_peaceful_grove,
          minmay_lair_entry_grove, uniq_maurice
D:10:     layout_loops_ring, mainiacjoe_overflow_big_doors,
          grunt_temple_overflow_open, kennysheep_orc_monster_closet_entryway,
          uniq_grum
D:11:     layout_basic
D:12:     layout_irregular_city, grunt_ministairs_1, introduction_to_nature_2,
          uniq_rupert
D:13:     layout_cave_pools, david_vaults_2, minivault_16, lemuel_flamethrower_2
Temple:   jpeg_temple_alley_garden

Skill      XL: |  1  2  3  4  5  6  7  8  9 10 11 12 |
---------------+-------------------------------------+-----
Axes           | 3 4 5 7 8 9 10 11 12 14 | 14.9
Fighting       | 4 5 6 7 9 10 12 | 12.9
Armour         | 4 5 6 7 8 |  8.8
Crossbows      | 2 4 6 7 |  7.1
Shields        | 5 6 8 |  8.2
Evocations     | 2 4 |  4.7
Dodging        | |  0.1
Stealth        | |  0.4

Action                   |  1- 3 |  4- 6 |  7- 9 | 10-12 || total
-------------------------+-------+-------+-------+-------++-------
Melee: War axe           |    67 |   174 |   414 |   497 ||  1152
  Use: Scroll            |       |     9 |    15 |     7 ||    31
       Potion            |       |     2 |     2 |     6 ||    10
 Stab: Paralysed         |       |       |     2 |       ||     2
       Distracted        |       |       |       |     1 ||     1
Armor: Scale mail        |    29 |       |       |       ||    29
       Plate armour      |     1 |   112 |   218 |   197 ||   528
Dodge: Dodged            |    48 |    61 |   133 |   159 ||   401
Block: Buckler           |    15 |    35 |    39 |       ||    89
       Kite shield       |       |       |   126 |   328 ||   454

Table legend: (Time is in decaauts)
 A = Elapsed time spent in this place.
 B = Non-inter-level travel time spent in this place.
 C = Inter-level travel time spent in this place.
 D = Time resting spent in this place.
 E = Time spent auto-exploring this place.
 F = Levels seen in this place.
 G = Mean time per level.
                   A        B        C        D        E       F      G
               +--------+--------+--------+--------+--------+-----+--------+
         Total |  14588 |  13957 |    631 |   2637 |   8781 |  15 |  972.5 |
       Dungeon |  13727 |  13150 |    577 |   2637 |   8191 |  13 | 1055.9 |
        Temple |    232 |    179 |     53 |      0 |    172 |   1 |  232.0 |
         Sewer |    628 |    628 |      0 |      0 |    417 |   1 |  628.0 |
               +--------+--------+--------+--------+--------+-----+--------+

Top non-repeatable levels by time:
     D:5: 1710 daAuts
     D:1: 1487 daAuts
    D:12: 1344 daAuts
     D:9: 1337 daAuts
     D:2: 1252 daAuts
     D:4: 1244 daAuts
     D:3: 1100 daAuts
     D:8: 1002 daAuts
     D:7: 960 daAuts
    D:10: 890 daAuts
     D:6: 846 daAuts
   Sewer: 628 daAuts
    D:11: 523 daAuts
  Temple: 232 daAuts
    D:13: 24 daAuts
